 Dungeon Crawl Stone Soup version 0.30.0-15-g856e2d3f33 (webtiles) character file.

Game seed: 10043561104655181119

44 DemonSlayer the Digger (level 3, -3/24 HPs)
             Began as a Demonspawn Earth Elementalist on May 19, 2023.
             Slain by a gnoll
             ... wielding a +0 spear
              (5 damage)
             ... on level 2 of the Dungeon.
             The game lasted 00:01:47 (364 turns).

DemonSlayer the Digger (DsEE)                        Turns: 364, Time: 00:01:48

Health: -3/24      AC:  2    Str:  8    XL:     3   Next: 41%
Magic:  0/6        EV: 12    Int: 16    God:
Gold:   7          SH:  0    Dex: 15    Spells: 6/7 levels left

rFire   . . .        d - +0 dagger
rCold   . . .        (no shield)
rNeg    . . .        a - +0 robe
rPois   .            (helmet restricted)
rElec   .            (no cloak)
rCorr   .            (no gloves)
SInv    .            (no boots)
Will    .....        (no amulet)
Stlth   ++           (no ring)
HPRegen 0.24/turn    (no ring)
MPRegen 0.20/turn

%: no passive effects
@: lethally poisoned (-3 -> -8)
A: antennae 1, magic regeneration
a: no special abilities


You were on level 2 of the Dungeon.
You visited 1 branch of the dungeon, and saw 2 of its levels.

You collected 7 gold pieces.

Inventory:

Hand Weapons
 d - a +0 dagger (weapon)
Armour
 a - a +0 robe (worn)
Scrolls
 b - a scroll of immolation {unknown}
 c - 2 scrolls of enchant weapon {unknown}
 e - a scroll of acquirement {unknown}


   Skills:
 + Level 1.8 Dodging
 + Level 1.9 Stealth
 + Level 2.5 Spellcasting
 + Level 1.0 Transmutations
 + Level 3.6 Earth Magic


You had 6 spell levels left.
You knew the following spells:

 Your Spells              Type           Power      Damage    Failure   Level
a - Sandblast             Erth           26%        2d8       4%          1

Your spell library contained the following spells:

 Spells                   Type           Power      Damage    Failure   Level
 Passwall                 Tmut/Erth      7%         N/A       12%         2
 Stone Arrow              Conj/Erth      14%        3d7       28%         3
 Petrify                  Tmut/Erth      9%         N/A       58%         4


Dungeon Overview and Level Annotations

Branches:
Dungeon (2/15)

Altars:


Innate Abilities, Weirdness & Mutations

You have a pair of small antennae on your head.
You regenerate magic rapidly.


Message History

A bat comes into view.
A gnoll comes into view. It is wielding a +0 spear.
The gnoll shouts!
The blast of sand hits the gnoll!
The gnoll is heavily wounded.
The blast of sand hits the gnoll.
The gnoll is almost dead.
The gnoll hits you from afar with a +2 spear of venom.
You are poisoned.
The blast of sand hits the gnoll!
You kill the gnoll!
You feel sick.
You have reached level 3!
Your experience leads to an increase in your attributes!
Increase (S)trength, (I)ntelligence, or (D)exterity?
You feel agile. x2; Your demonic ancestry asserts itself...
A pair of antennae grows on your head!
The blast of sand hits the gnoll.
The gnoll is heavily wounded.
You feel sick.
The gnoll hits you from afar with a +0 spear of venom.
You are more poisoned.
The gnoll hits you from afar with a +0 spear of venom.
The blast of sand hits the gnoll!
You kill the gnoll!
You feel very sick.
You are too injured to fight recklessly!
Casting: Sandblast (safe; 4% risk of failure)
Confirm with . or Enter, or press ? or * to list all spells.
Aiming: Sandblast (safe; 4% risk of failure)
Press: ? - help, Shift-Dir - straight line, f - gnoll
Aim: a gnoll, wielding a +0 spear (84% to hit)
The blast of sand hits the gnoll but does no damage.
* * * LOW HITPOINT WARNING * * *
You feel very sick.
The gnoll hits you from afar with a +0 spear.
* * * LOW HITPOINT WARNING * * *
A quokka comes into view.
The gnoll hits you from afar with a +0 spear.
You die...

#.##########.##.........#
#.# #.##.#####...# #.#
########.##.# ##.## ..#
#......<†...# #.#
#####.######.#########.#
#.....# #.# #.......#
..##### #.# #.####### ###
#.# #.# .# #@# .# #.# .#
#g# #.# ###.###.#### ..
......r....# ##
#####.#.##.# #.#.# .# #
#.# .#


You could see a gnoll and a quokka (wandering).

Vanquished Creatures
  2 gnolls (D:2)
  An adder (D:2)
  A dart slug (D:1)
  A ball python (D:2)
  An endoplasm (D:2)
  A goblin (D:2)
  3 jackals
  A frilled lizard (D:1)
  A kobold (D:1)
  3 rats (D:2)
15 creatures vanquished.

Notes
Turn   | Place    | Note
-------+----------+-------------------------------------------
     0 | D:1      | DemonSlayer the Demonspawn Earth Elementalist began the
                  | quest for the Orb.
     0 | D:1      | Reached XP level 1. HP: 13/13 MP: 3/3
    30 | D:1      | Reached skill level 1 in Transmutations
    98 | D:1      | Reached skill level 3 in Earth Magic
   107 | D:2      | Gained mutation: You regenerate magic rapidly. [demonic
                  | ancestry]
   107 | D:2      | Reached XP level 2. HP: 19/19 MP: 0/5
   362 | D:2      | Gained mutation: You have a pair of small antennae on your
                  | head. [demonic ancestry]
   362 | D:2      | Reached XP level 3. HP: 21/24 MP: 2/6
   364 | D:2      | Slain by a gnoll

Illustrated notes

Levels and vault maps discovered:
D:1:      lemuel_arrival_muddy, layout_basic
D:2:      layout_loops_ring

Skill      XL: |  1 |
---------------+----+-----
Transmutations | 1 |  1.0
Earth Magic    | 3 |  3.6
Dodging        | |  1.8
Stealth        | |  1.9
Spellcasting   | |  2.5

Action                     || total
---------------------------++-------
  Melee: Dagger            ||     1
   Cast: Sandblast         ||    23
    Use: Potion            ||     1
   Stab: Sleeping          ||     1
 Armour: Robe              ||     1
  Dodge: Dodged            ||     5
